 Dungeon Crawl Stone Soup version 0.30.0-19-g36f170ea60 (webtiles) character file.

Game seed: 18187786654959438863

891 olmar the Cudgeller (level 7, -3/63 HPs)
             Began as an Armataur Fighter on May 29, 2023.
             Slain by a hornet (6 damage)
             ... while paralysed by a hornet
             ... on level 5 of the Dungeon.
             The game lasted 00:04:31 (3965 turns).

olmar the Cudgeller (Armataur Fighter)              Turns: 3965, Time: 00:04:32

Health: -3/63      AC: 11    Str: 24    XL:     7   Next: 77%
Magic:  7/7        EV:  1    Int:  8    God:
Gold:   366        SH:  0    Dex:  9    Spells: 6/6 levels left

rFire   . . .        a - +0 flail
rCold   . . .        c - +0 buckler
rNeg    . . .        b - +0 scale mail
rPois   .            (no helmet)
rElec   .            (no cloak)
rCorr   .            (no gloves)
SInv    .            (no barding)
Will    .....        e - amulet of reflection Stlth
                     j - +5 ring of evasion
HPRegen 0.00/turn    o - +4 ring of protection
MPRegen 0.10/turn

%: reflection, roll
@: paralysed, lethally poisoned (-3 -> -15), inhibited regen
A: large, rugged brown scales 3, deformed body, armoured tail, roll, long
tongue, awkward tongue, inhibited regeneration, inability to read after injury
1, noise suppression
a: no special abilities


You were on level 5 of the Dungeon.
You visited 1 branch of the dungeon, and saw 5 of its levels.

You collected 408 gold pieces.
You spent 42 gold pieces at shops.

Inventory:

Hand Weapons
 a - a +0 flail (weapon)
Armour
 b - a +0 scale mail (worn)
 c - a +0 buckler (worn)
Jewellery
 e - an amulet of reflection (around neck)
 j - a +5 ring of evasion (left hand)
 k - an amulet of the acrobat
 o - a +4 ring of protection (right hand)
 y - a ring of see invisible
 z - a +6 ring of intelligence
 C - a +6 ring of intelligence
Scrolls
 f - a scroll of butterflies {unknown}
 l - 2 scrolls of teleportation {unknown}
 n - 2 scrolls of noise {unknown}
 p - a scroll of amnesia {unknown}
 q - 5 scrolls of identify {unknown}
 r - 2 scrolls of enchant armour {unknown}
 s - a scroll of fear {unknown}
 u - a scroll of vulnerability {unknown}
 v - a scroll of enchant weapon {unknown}
 w - a scroll of blinking {unknown}
 x - a scroll of brand weapon {unknown}
Potions
 d - a potion of cancellation {unknown}
 g - 2 potions of mutation
 h - 3 potions of curing
 i - 2 potions of heal wounds
 m - 3 potions of attraction {unknown}
 t - 2 potions of degeneration {unknown}
 A - 2 potions of haste {unknown}


   Skills:
 + Level 4.1 Fighting
 + Level 5.7 Maces & Flails
 + Level 5.6 Armour
 + Level 1.3 Dodging
 + Level 0.3 Stealth
 + Level 5.0 Shields


You had 6 spell levels left.
You didn't know any spells.
Your spell library contained the following spells:

 Spells                   Type           Power      Damage    Failure   Level
 Necrotise                Necr           0%         1d4       75%         1
 Frozen Ramparts          Ice            0%         1d1       98%         3
 Vampiric Draining        Necr           0%         2d6       98%         3
 Ice Form                 Ice/Tmut       0%         N/A       100%        4
 Summon Ice Beast         Ice/Summ       0%         N/A       100%        4
 Agony                    Necr           0%         N/A       100%        5


Dungeon Overview and Level Annotations

Branches:
Dungeon (5/15)
 Temple: D:4-7

Altars:

Shops:
D:1 !

Annotations:
D:3 1 runed translucent door, Crazy Yiuf


Innate Abilities, Weirdness & Mutations

You are completely covered in rugged brown scales. (AC +3, +7% HP)
Armour fits poorly on your strangely shaped body.
You have a long armoured tail.
You roll when moving toward enemies. (Rampage)
Your long tongue fully drains potion bottles. (2x potion effects)
Your tongue gives you trouble enunciating. (1.5x scroll delay)
You do not regenerate when monsters are visible.
You occasionally lose the ability to read scrolls when taking damage.
You passively dampen the noise of your surroundings.


Message History

You closely miss the hornet.
The hornet is almost dead.
You block the hornet's attack. The hound bites you.
You block the hornet's attack.
Unknown command.
Unknown command.
You closely miss the hornet.
The hornet is almost dead.
You block the hound's attack. The hornet stings you.
You feel yourself slow down. The hound barely misses you.
Unknown command.
You closely miss the hornet.
The hornet is almost dead.
The hornet closely misses you. The hound bites you but does no damage.
The hornet stings you!
You feel as though you will be slow longer.
The hound barely misses you.
The hornet stings you but does no damage.
The hound barely misses you.
You barely miss the hornet.
Your tail-slap misses the hornet.
The hornet is almost dead.
You can read scrolls again.
The hornet misses you. You block the hound's attack.
The hornet stings you but does no damage.
The hound closely misses you.
The hornet stings you but does no damage.
You closely miss the hornet.
The hornet is almost dead.
You feel yourself speed up. You block the hound's attack.
The hornet stings you!
* * * LOW HITPOINT WARNING * * *
You are lethally poisoned!
You suddenly lose the ability to move!
The hound bites you.
* * * LOW HITPOINT WARNING * * *
The hornet barely misses you. The hound bites you but does no damage.
* * * LOW HITPOINT WARNING * * *
You feel very sick. The hornet barely misses you.
The hound completely misses you. The hornet stings you.
You die...

#.###...≈≈...≈≈
#.##..§≈≈.....≈≈
#.#...≈≈.$.....§
#.'.§§§≈......§≈
###...≈≈...$...§
##...§≈.....≈§
##...≈≈...≈≈.
##..y≈≈.≈≈..
##.@h§.≈...
##.......#
##.....## #...##
####


You could see a hornet and a hound.

Vanquished Creatures
  Grinder (D:3)
  A centaur (D:5)
  A phantom (D:5)
  A scorpion (D:5)
  A bullfrog (D:4)
  An orc priest (D:2)
  2 hounds
  4 iguanas
  8 gnolls (D:2)
  6 adders
  A shadow imp (D:4)
  A white imp (D:5)
  An ufetubus (D:5)
  A worm (D:3)
  2 dart slugs
  6 orcs
  6 ball pythons
  5 endoplasms
  5 giant cockroaches
  6 goblins
  4 hobgoblins
  2 quokkas
  11 bats
  6 frilled lizards
  11 kobolds
  4 rats
98 creatures vanquished.

Notes
Turn   | Place    | Note
-------+----------+-------------------------------------------
     0 | D:1      | olmar the Armataur Fighter began the quest for the Orb.
     0 | D:1      | Reached XP level 1. HP: 19/19 MP: 1/1
   194 | D:1      | Reached XP level 2. HP: 26/26 MP: 2/2
   229 | D:1      | Found a faded altar of an unknown god.
   543 | D:1      | Found Logelod's Distillery.
   551 | D:1      | Bought a potion of curing for 42 gold pieces
   926 | D:1      | Reached XP level 3. HP: 33/33 MP: 3/3
  1145 | D:2      | Reached XP level 4. HP: 18/40 MP: 4/4
  1489 | D:2      | Reached XP level 5. HP: 47/48 MP: 5/5
  2104 | D:3      | Found a runed translucent door.
  2105 | D:3      | Noticed Crazy Yiuf
  2296 | D:3      | Noticed Grinder
  2302 | D:3      | Paralysed by Grinder for 2 turns
  2320 | D:3      | Killed Grinder
  2321 | D:3      | Reached skill level 5 in Armour
  2321 | D:3      | Reached XP level 6. HP: 31/54 MP: 6/6
  3340 | D:4      | Reached XP level 7. HP: 55/60 MP: 7/7
  3453 | D:5      | Entered Level 5 of the Dungeon
  3464 | D:5      | Reached skill level 5 in Maces & Flails
  3495 | D:5      | Reached skill level 1 in Dodging
  3873 | D:5      | Reached skill level 5 in Shields
  3930 | D:5      | Noticed a hornet
  3948 | D:5      | Gained mutation: You occasionally lose the ability to read
                  | scrolls when taking damage. [potion of mutation]
  3948 | D:5      | Gained mutation: You passively dampen the noise of your
                  | surroundings. [potion of mutation]
  3948 | D:5      | Gained mutation: You do not regenerate when monsters are
                  | visible. [potion of mutation]
  3948 | D:5      | Gained mutation: You sometimes lose your temper in combat.
                  | [potion of mutation]
  3948 | D:5      | Lost mutation: You sometimes lose your temper in combat.
                  | [potion of mutation]
  3964 | D:5      | Paralysed by a hornet for 3 turns
  3965 | D:5      | HP: 3/63 [poisoned by a hornet]
  3965 | D:5      | Slain by a hornet

Illustrated notes

Levels and vault maps discovered:
D:1:      spicycebolla_green_bress_n_ham_2, layout_basic, serial_shops,
          nicolae_shop_industrial_runoff, ebering_ecumenical_altar_hall,
          minmay_split_cup_large
D:2:      layout_basic
D:3:      layout_rooms, grunt_ministairs_11, uniq_grinder,
          uniq_crazy_yiuf_cottage
D:4:      layout_basic, mrwooster_statue_mirror
D:5:      layout_basic, kennysheep_diamond, nicolae_figureground_pulse

Skill      XL: |  1  2  3  4  5  6  7 |
---------------+----------------------+-----
Armour         | 4 5 |  5.6
Fighting       | 3 4 |  4.1
Maces & Flails | 2 3 4 5 |  5.7
Shields        | 4 5 |  5.0
Dodging        | 1 |  1.3
Stealth        | |  0.3

Action                     |  1- 3 |  4- 6 |  7- 9 || total
---------------------------+-------+-------+-------++-------
  Melee: Flail             |    94 |   160 |    81 ||   335
         Tailslap          |    15 |    21 |     9 ||    45
  Evoke: Wand              |       |       |     5 ||     5
    Use: Potion            |       |     1 |     5 ||     6
 Armour: Scale mail        |    35 |    59 |    38 ||   132
  Dodge: Dodged            |    44 |    58 |    82 ||   184
  Block: Buckler           |    35 |    64 |    67 ||   166
         Reflection        |       |       |     1 ||     1
